Map: Alcyone LE

Players

HUMAN - Winner!

  • Race: Terran Terran
  • League: Gold
  • Spawn Location: 1:00

叉你大猪蹄子

  • Race: Terran Terran
  • League: Gold
  • Spawn Location: 7:00

VOD

Have the link to the VOD?

Description

MARINE TANK RAVEN

Time

  • Played on: April 16, 2024, 8:52 a.m.
  • Length: 21:39
Show
View Real Time Build Order
Export as new Build Order

HUMAN Terran - Winner!

Build Orders:  

Get SALT Encoding   

  12  0:01  SCV  
  13  0:17  Supply Depot, SCV  
  14  0:30  SCV  
  14  0:33  Refinery  
  15  0:41  Barracks  
  15  0:46  SCV  
  16  0:58  SCV  
  16  1:03  Refinery  
  17  1:10  SCV  
  18  1:22  SCV  
  19  1:32  Barracks Tech Lab  
  19  1:33  Reaper  
  19  1:34  SCV  
  19  1:35  Supply Depot  
  21  1:46  Orbital Command  
  21  1:54  Factory  
  21  2:11  Barracks Tech Lab  
  21  2:13  SCV  
  22  2:25  SCV  
  23  2:30  Marine  
  24  2:44  SCV  
  24  2:45  Command Center  
  24  2:48  Marine  
  24  2:49  Factory Reactor  
  25  3:05  Starport  
  25  3:12  Barracks, Stimpack  
  25  3:17  Barracks, SCV  
  26  3:44  Factory Tech Lab  
  26  3:45  Starport Reactor  
  26  3:49  SCV  
  26  3:51  Marine  
  28  4:01  SCV  
  29  4:09  Orbital Command, Marine  
  30  4:13  SCV  
  31  4:17  Supply Depot  
  31  4:18  Supply Depot  
  31  4:21  Supply Depot  
  31  4:27  Marine  
  32  4:33  Marine x4  
  32  4:36  Starport Tech Lab, SCV x2  
  38  4:45  Marine  
  38  4:48  SCV  
  38  4:49  Siege Tank  
  38  4:50  Marine  
  44  5:03  Marine x4  
  44  5:06  Refinery x2  
  48  5:10  Interference Matrix  
  48  5:12  Raven  
  50  5:17  SCV x2  
  52  5:26  Siege Tank  
  55  5:29  SCV x2  
  41  5:58  Siege Tank  
  41  6:01  Orbital Command  
  35  6:23  SCV  
  36  6:34  Marine x5  
  36  6:35  SCV  
  42  6:43  Raven  
  42  6:44  Supply Depot  
  42  6:46  Supply Depot  
  44  6:47  SCV  
  44  6:52  Marine x4  
  49  6:55  SCV  
  49  6:59  SCV  
  51  7:07  SCV, Marine  
  53  7:09  Marine  
  53  7:10  Marine x3  
  53  7:11  SCV  
  58  7:19  SCV  
  59  7:23  SCV  
  59  7:25  Marine  
  59  7:27  Marine x2, Engineering Bay  
  59  7:28  Marine x2, Engineering Bay  
  65  7:31  SCV  
  65  7:35  SCV  
  67  7:43  SCV, Marine  
  69  7:45  Marine  
  69  7:49  Command Center  
  70  7:52  Siege Tank  
  70  7:54  Marine  
  70  7:55  Marine x2  
  69  8:00  Marine  
  69  8:03  Marine  
  61  8:12  Marine  
  61  8:24  Siege Tank  
  64  8:41  SCV  
  65  8:42  Marine x5  
  70  8:56  Siege Tank  
  70  8:59  Marine  
  70  9:00  Marine x4  
  70  9:02  SCV x3  
  81  9:14  SCV x2  
  83  9:17  Marine  
  83  9:18  Marine x4  
  83  9:20  SCV  
  89  9:26  SCV x2  
  91  9:32  SCV  
  91  9:35  Marine  
  91  9:36  Marine x4  
  91  9:38  SCV x2  
  99  9:44  SCV  
  94  9:50  SCV x2  
  94  9:53  Marine  
  94  9:54  Marine x3  
  94  10:06  Marine  
  77  10:10  Raven  
  77  10:11  Marine x4  
  83  10:23  Marine  
  84  10:29  Marine x4  
  87  10:41  Marine  
  87  10:44  Raven  
  87  10:46  Marine  
  87  10:47  Marine x3  
  87  10:56  Siege Tank  
  87  10:59  Marine  
  87  11:01  SCV x2  
  87  11:03  Orbital Command  
  87  11:04  Marine  
  87  11:15  Terran Infantry Weapons Level 1  
  87  11:16  Supply Depot x2  
  87  11:18  Terran Infantry Armor Level 1  
  87  11:35  Combat Shield  
  87  11:37  Raven, Siege Tank, Marine x5  
  87  11:55  Marine x5  
  87  11:56  Orbital Command  
  87  12:04  SCV  
  87  12:10  Siege Tank, SCV  
  87  12:11  Viking, Supply Depot  
  87  12:13  Marine x4  
  87  12:15  Marine  
  87  12:16  SCV  
  87  12:22  SCV  
  87  12:28  SCV  
  87  12:30  Marine x2  
  87  12:32  Marine x2  
  87  12:33  Refinery  
  87  12:34  SCV x2  
  87  12:35  Refinery  
  87  12:40  SCV  
  87  12:42  Siege Tank  
  87  12:46  Supply Depot, SCV x2  
  87  12:50  Supply Depot  
  87  12:52  Marine, SCV  
  87  12:53  Marine x4  
  87  12:58  SCV x2  
  87  13:04  SCV  
  87  13:10  Marine, SCV x2  
  87  13:14  Siege Tank  
  87  13:30  Marine x5  
  87  13:40  Command Center  
  87  13:46  Siege Tank  
  87  13:47  Marine  
  87  13:48  Marine x4  
  87  13:49  SCV x3  
  87  14:01  SCV x3  
  87  14:05  Marine  
  87  14:06  Marine x3  
  87  14:34  SCV, Marine x5  
  87  14:43  Armory  
  87  14:45  Armory  
  87  14:48  Armory  
  87  14:51  Siege Tank, Marine  
  87  15:03  Orbital Command  
  87  15:09  Marine  
  87  15:23  Siege Tank  
  87  15:29  Command Center  
  87  15:31  Refinery  
  87  15:32  Sensor Tower  
  87  15:33  Refinery  
  87  15:43  Terran Infantry Weapons Level 2  
  87  15:44  Terran Infantry Armor Level 2  
  87  15:46  Terran Ship Weapons Level 1, Terran Vehicle Weapons Level 1, Terran Vehicle And Ship Armor Level 1  
  87  15:51  Missile Turret  
  87  15:55  Siege Tank  
  87  16:01  Factory  
  87  16:02  Factory  
  87  16:04  Factory  
  87  16:12  Command Center  
  87  16:13  Refinery  
  87  16:15  Missile Turret  
  87  16:35  Sensor Tower  
  87  17:36  Factory Tech Lab x3  
  87  17:52  Terran Ship Weapons Level 2, Terran Vehicle And Ship Armor Level 2  
  87  17:53  Terran Vehicle Weapons Level 2  
  87  18:00  Terran Infantry Armor Level 3, Terran Infantry Weapons Level 3  
  87  18:16  Marine x5  
  87  18:19  Raven  
  87  18:23  Thor x3  
  87  18:24  Thor  
  87  18:33  Marine  
  87  18:34  Marine x4  
  87  18:51  Marine  
  87  18:52  Marine x3  
  87  18:53  Orbital Command  
  87  19:04  Hyperflight Rotors  
  87  19:06  Thor x4  
  87  19:14  Orbital Command  
  87  19:19  Smart Servos, Infernal Pre-Igniter, Hurricane Engines, Drilling Claws  
  87  19:26  Concussive Shells  
  87  19:49  Thor x4  
  87  20:41  Thor x12  
  87  21:16  Refinery  
  87  21:19  Refinery  
  87  21:21  Starport  
  87  21:25  Starport x2  
  87  21:28  Starport  
Show
View Real Time Build Order
Export as new Build Order

叉你大猪蹄子 Terran 

Build Orders:  

Get SALT Encoding   

  12  0:00  SCV  
  13  0:18  Supply Depot  
  13  0:22  Refinery  
  13  0:31  SCV  
  14  0:43  Barracks  
  14  0:46  SCV  
  15  0:53  Supply Depot  
  15  0:58  SCV  
  16  1:12  Barracks  
  16  1:17  SCV  
  17  1:29  SCV  
  17  1:31  Refinery  
  18  1:44  Barracks Tech Lab  
  18  1:49  Factory  
  18  2:02  SCV  
  19  2:08  Marine  
  19  2:09  Marauder  
  19  2:14  Combat Shield  
  22  2:18  SCV  
  23  2:30  SCV  
  23  2:32  Marine  
  23  2:33  Marine  
  25  2:44  SCV  
  25  2:49  Starport  
  26  2:52  Marine x2  
  29  3:05  SCV  
  29  3:06  Supply Depot  
  29  3:11  Marine  
  29  3:12  Marine  
  31  3:18  Factory Reactor  
  31  3:27  Medivac  
  31  3:28  Hellion  
  35  3:35  Barracks Reactor  
  35  3:46  Supply Depot  
  35  3:48  Orbital Command  
  35  3:52  Concussive Shells  
  35  3:59  Medivac  
  38  4:11  Marine x2, Marauder  
  38  4:16  SCV  
  42  4:37  Factory Tech Lab  
  42  4:39  Marine x2  
  42  4:40  Marauder  
  46  4:51  Starport Reactor  
  46  5:06  Supply Depot  
  46  5:28  Siege Tank  
  42  6:22  Marauder, Marine x2  
  42  6:23  Siege Tank  
  42  6:24  Medivac  
  42  6:25  Medivac  
  53  6:29  Stimpack  
  53  6:38  Command Center  
  53  6:39  Marine  
  53  6:41  Marine  
  53  6:44  Marauder  
  57  6:57  Marine  
  57  6:59  Marine  
  59  7:05  Marauder  
  59  7:06  Command Center  
  61  7:15  Marine  
  62  7:17  Marine  
  62  7:21  Engineering Bay  
  63  7:26  Marauder  
  65  7:33  Marine  
  65  7:34  Marine  
  67  7:48  Marauder  
  53  8:12  Siege Tank  
  53  8:13  Marine  
  53  8:14  Marauder, Marine  
  57  8:30  Viking  
  57  8:31  Marine  
  48  8:40  Marine  
  48  8:41  Marauder  
  51  8:44  Siege Tank  
  54  8:49  Marine  
  55  8:56  Terran Infantry Weapons Level 1  
  55  9:03  Viking  
  57  9:15  SCV  
  58  9:22  SCV  
  59  9:27  SCV  
  60  9:34  SCV  
  61  9:39  SCV  
  36  10:04  Marauder, Marine x2  
  31  10:11  Siege Tank  
  33  10:22  Marine x2  
  33  10:26  Marauder  
  22  10:47  Marauder  
Tags
 
League
GoldGold
Matchup
TvT
Race
Terran
Spawn Locations
Cross Positions
Add a new tag
Caveats
  • Supply blocks, unpowered buildings, or Contaminate may cause inaccurate times.
  • Supply counts are checked every 10 seconds.